 Dungeon Crawl Stone Soup version 0.29-a0-222-g5b244fca1f (webtiles) character file.

Game seed: 10613520129549610208

4660 tognito the Cleaver (level 10, -5/88 HPs)
             Began as a Minotaur Berserker on Feb 27, 2022.
             Was an Elder of Trog.
             Killed by divine providence
             ... invoked by an orc priest
              (15 damage)
             ... on level 8 of the Dungeon.
             The game lasted 00:12:40 (8650 turns).

tognito the Cleaver (Minotaur Berserker)            Turns: 8650, Time: 00:12:40

Health: -5/88      AC: 16    Str: 26    XL:     10   Next: 20%
Magic:  9/9        EV:  9    Int:  4    God:    Trog [****..]
Gold:   383        SH:  0    Dex: 10    Spells: 9/9 levels left

rFire   x x .      SeeInvis .   a - +3 war axe (freeze)
rCold   + + .      Faith    .   (no shield)
rNeg    . . .      Spirit   .   w - +0 plate armour
rPois   .          Reflect  .   (helmet restricted)
rElec   .          Harm     .   o - +0 cloak
rCorr   .          Rampage  .   v - +0 pair of gloves
Will    .....                   (no boots)
Stlth   ..........              (no amulet)
HPRegen 0.24/turn               n - ring of ice
MPRegen 0.11/turn               r - ring of ice

@: on berserk cooldown, slowed, very slow
A: horns 2, retaliatory headbutt
a: Renounce Religion, Berserk, Trog's Hand, Brothers in Arms


You were on level 8 of the Dungeon.
You worshipped Trog.
Trog was greatly pleased with you.
You visited 1 branch of the dungeon, and saw 8 of its levels.

You collected 383 gold pieces.

Inventory:

Hand Weapons
 a - a +3 war axe of freezing (weapon)
Missiles
 m - 35 poisoned darts (quivered)
 x - 2 throwing nets
Armour
 o - a +0 cloak (worn)
 v - a +0 pair of gloves (worn)
 w - a +0 plate armour (worn)
Jewellery
 n - a ring of ice (left hand)
 r - a ring of ice (right hand)
 y - a ring of see invisible
Wands
 f - a wand of flame (30)
 j - a wand of polymorph (16)
 s - a wand of iceblast (22)
Scrolls
 b - 2 scrolls of amnesia {unknown}
 c - 2 scrolls of vulnerability {unknown}
 d - 2 scrolls of enchant armour {unknown}
 e - 4 scrolls of blinking {unknown}
 g - 8 scrolls of identify {unknown}
 h - a scroll of enchant weapon {unknown}
 i - a scroll of fear {unknown}
 k - 4 scrolls of noise {unknown}
 l - a scroll of silence {unknown}
 p - a scroll of teleportation {unknown}
 u - a scroll of magic mapping {unknown}
 z - a scroll of immolation {unknown}
Potions
 q - 2 potions of haste
 t - 2 potions of heal wounds


   Skills:
 + Level 8.2 Fighting
 * Level 11.1 Axes
 + Level 5.9 Throwing
 + Level 7.7 Armour
 + Level 6.9 Dodging


You had 9 spell levels left.
You didn't know any spells.
Your spell library was empty.

Dungeon Overview and Level Annotations

Branches:
Dungeon (8/15)             Temple (0/1) D:7
   Lair: D:8-11

Altars:
Cheibriados


Innate Abilities, Weirdness & Mutations

You have a pair of horns on your head.
You reflexively headbutt those who attack you in melee.


Message History

You barely miss the orc warrior.
The centaur hits you but does no damage.
The centaur barely misses you.
The centaur hits you but does no damage.
The centaur kicks you but does no damage.
The orc warrior hits you but does no damage.
You hit the orc warrior. You freeze the orc warrior. You punch the orc warrior.
The orc warrior is moderately wounded.
You hit the centaur but do no damage.
The centaur hits you but does no damage.
The centaur kicks you but does no damage.
The centaur hits you but does no damage.
The centaur barely misses you. The centaur closely misses you.
The centaur kicks you but does no damage.
You hit the centaur. You freeze the centaur.
The centaur is severely wounded.
You hit the orc warrior. You freeze the orc warrior.
The orc warrior closely misses you. You furiously retaliate!
You headbutt the orc warrior! The centaur hits you.
* * * LOW HITPOINT WARNING * * *
The centaur kicks you but does no damage.
The orc warrior barely misses you. You furiously retaliate!
You headbutt the orc warrior!
You kill the orc warrior!
Trog accepts your kill. The centaur hits you.
* * * LOW HITPOINT WARNING * * *
The centaur kicks you but does no damage.
You barely miss the centaur. Your headbutt misses the centaur.
The centaur is severely wounded.
The centaur closely misses you. You furiously retaliate!
You headbutt the centaur.
You kill the centaur!
Trog accepts your kill.
The orc wizard mumbles some strange words.
The orc wizard flickers and vanishes!
Deactivating autopickup; reactivate with Ctrl-A.
The orc priest mumbles some strange prayers to Beogh against you.
Beogh smites you!
You die...

#.......... #.......
#........#. +......
#........#. #......
#........#. #..$.[
#........#. ##....#
##.###)#### #.....# #
#.# ..##.....# .# #)#
....((o@#######.# #)#
...####.).......###.####
#.).......#.......
##........#.....##
#........#.....#
#........#######
#........# #........#
###....#.#


You could see an orc priest.

Vanquished Creatures
  A two-headed ogre (D:8)
  Pikel (D:7)
  A gargoyle (D:7)
  2 wyverns
  A steam dragon (D:6)
  4 orc warriors
  An ice beast (D:7)
  A black bear (D:6)
  3 necrophages
  2 sky beasts
  A centaur (D:8)
  An ogre (D:6)
  2 lemures (D:7)
  4 phantoms
  3 kobold brigands
  2 scorpions
  4 wights (D:7)
  3 jellies
  3 orc priests (D:7)
  Crazy Yiuf (D:2)
  A gnoll shaman (D:7)
  5 hounds
  Ijyb (D:3)
  Terence (D:2)
  3 iguanas
  5 orc wizards
  Natasha (thrice) (D:3)
  Robin (D:3)
  8 adders
  9 gnolls
  A white imp (D:8)
  An ufetubus (D:5)
  2 worms
  4 dart slugs
  20 orcs
  5 endoplasms
  4 giant cockroaches
  17 goblins
  5 hobgoblins
  9 jackals (D:2)
  2 quokkas
  7 ball pythons
  2 bats
  A frilled lizard (D:2)
  15 kobolds
  A rat (D:2)
174 creatures vanquished.

Vanquished Creatures (others)
  An orc wizard (D:6)
  2 kobolds (D:6)
3 creatures vanquished.

Grand Total: 177 creatures vanquished

Notes
Turn   | Place    | Note
-------+----------+-------------------------------------------
     0 | D:1      | tognito the Minotaur Berserker began the quest for the Orb.
     0 | D:1      | Reached XP level 1. HP: 19/19 MP: 0/0
    54 | D:1      | Found a faded altar of an unknown god.
   636 | D:1      | Reached XP level 2. HP: 27/27 MP: 1/1
   650 | D:1      | Reached skill level 4 in Axes
   778 | D:2      | Reached XP level 3. HP: 30/33 MP: 2/2
   784 | D:2      | Reached skill level 1 in Throwing
   923 | D:2      | Reached ** piety under Trog
  1087 | D:2      | Noticed Terence
  1095 | D:2      | Killed Terence
  1096 | D:2      | Reached XP level 4. HP: 31/40 MP: 3/3
  1633 | D:2      | Found a runed translucent door.
  1634 | D:2      | Noticed Crazy Yiuf
  1642 | D:2      | Killed Crazy Yiuf
  1643 | D:2      | Reached skill level 5 in Axes
  1824 | D:3      | Noticed Natasha
  1832 | D:3      | Killed Natasha
  1833 | D:3      | Reached XP level 5. HP: 34/47 MP: 4/4
  1999 | D:3      | Found a snail-covered altar of Cheibriados.
  2004 | D:3      | Noticed Natasha
  2012 | D:3      | Killed Natasha
  2189 | D:3      | Noticed Natasha
  2196 | D:3      | Killed Natasha
  2338 | D:3      | Noticed Robin
  2342 | D:3      | Noticed Ijyb
  2356 | D:3      | Killed Robin
  2356 | D:3      | Killed Ijyb
  2357 | D:3      | Reached XP level 6. HP: 52/53 MP: 5/5
  3021 | D:4      | Reached *** piety under Trog
  3022 | D:4      | Reached skill level 6 in Axes
  3282 | D:4      | Reached skill level 5 in Fighting
  3825 | D:4      | Reached XP level 7. HP: 61/61 MP: 6/6
  3897 | D:5      | Entered Level 5 of the Dungeon
  4127 | D:5      | Reached skill level 7 in Axes
  4321 | D:5      | Reached skill level 5 in Armour
  4638 | D:5      | Reached XP level 8. HP: 51/70 MP: 7/7
  5565 | D:6      | Reached skill level 8 in Axes
  5576 | D:6      | Reached skill level 5 in Dodging
  6327 | D:6      | Reached skill level 9 in Axes
  6548 | D:6      | Reached XP level 9. HP: 78/78 MP: 8/8
  6810 | D:7      | Noticed Pikel
  7188 | D:7      | Identified the +10 spear of Fragile Peace {flame, *Slow
                  | rPois Str+4 Stlth+}
  7350 | D:7      | Noticed a gargoyle
  7613 | D:7      | Reached skill level 5 in Throwing
  7652 | D:7      | Killed a gargoyle
  7653 | D:7      | Reached skill level 10 in Axes
  7798 | D:7      | Killed Pikel
  7999 | D:7      | Found a staircase to the Ecumenical Temple.
  8332 | D:8      | Reached XP level 10. HP: 37/88 MP: 9/9
  8338 | D:8      | Reached **** piety under Trog
  8632 | D:8      | Noticed a two-headed ogre
  8644 | D:8      | Killed a two-headed ogre
  8645 | D:8      | Reached skill level 11 in Axes
  8650 | D:8      | Killed from afar by an orc priest

Illustrated notes

Levels and vault maps discovered:
D:1:      psy_arrival_basics, layout_basic, hellmonk_ecumenical_altar_lost_god
D:2:      layout_loops_ring, uniq_crazy_yiuf_cottage, uniq_terence
D:3:      layout_basic, amcnicky_altar_gilded, uniq_ijyb, uniq_robin,
          uniq_natasha
D:4:      layout_basic, lemuel_old_faithful
D:5:      layout_basic, serial_glass, glass_columns_c, glass_columns_a,
          glass_columns_a, glass_columns_c, glass_columns_a, glass_columns_c
D:6:      layout_cave_pools, wad_floor_pattern_untrapped, roderic_roman_lattice
D:7:      layout_cave_pools, minmay_temple_entry_arrows, uniq_pikel
D:8:      layout_basic, serial_park_tiny_pond

Skill      XL: |  1  2  3  4  5  6  7  8  9 10 |
---------------+-------------------------------+-----
Axes           | 4 5 6 7 9 10 11 | 11.1
Throwing       | 1 2 3 4 5 |  5.9
Fighting       | 4 5 6 7 8 |  8.2
Armour         | 3 4 5 6 7 |  7.7
Dodging        | 3 4 5 6 |  6.9

Action                   |  1- 3 |  4- 6 |  7- 9 | 10-12 || total
-------------------------+-------+-------+-------+-------++-------
Melee: Hand axe          |    65 |   134 |   184 |       ||   383
       Headbutt          |     8 |    22 |    40 |     2 ||    72
       Punch             |     1 |     1 |     3 |     1 ||     6
       War axe           |       |       |    81 |    15 ||    96
Throw: Dart              |       |       |    11 |     2 ||    13
       Throwing net      |       |       |     1 |       ||     1
Invok: Berserk           |     1 |     3 |     6 |     1 ||    11
       Trog's Hand       |       |       |     1 |       ||     1
Evoke: Wand              |       |       |     2 |       ||     2
  Use: Potion            |     1 |     5 |       |       ||     6
Armor: Scale mail        |    37 |       |       |       ||    37
       Chain mail        |       |    81 |    97 |       ||   178
       Plate armour      |       |       |    67 |    16 ||    83
Dodge: Dodged            |    48 |    46 |   146 |    10 ||   250

Table legend: (Time is in decaauts)
 A = Elapsed time spent in this place.
 B = Non-inter-level travel time spent in this place.
 C = Inter-level travel time spent in this place.
 D = Time resting spent in this place.
 E = Time spent auto-exploring this place.
 F = Levels seen in this place.
 G = Mean time per level.
                   A        B        C        D        E       F      G
               +--------+--------+--------+--------+--------+-----+--------+
         Total |   8746 |   8482 |    264 |    121 |   7117 |   8 | 1093.2 |
       Dungeon |   8746 |   8482 |    264 |    121 |   7117 |   8 | 1093.2 |
               +--------+--------+--------+--------+--------+-----+--------+

Top non-repeatable levels by time:
     D:5: 2241 daAuts
     D:4: 1340 daAuts
     D:6: 1276 daAuts
     D:2: 1122 daAuts
     D:7: 865 daAuts
     D:3: 765 daAuts
     D:1: 720 daAuts
     D:8: 414 daAuts
